 Dungeon Crawl Stone Soup version 0.29.1-2-gbd0b4ee654 (webtiles) character file.

Game seed: 11454154256944254995

192 GigaChad the Shield-Bearer (level 5, -5/47 HPs)
             Began as a Minotaur Fighter on Nov 25, 2022.
             Slain by a gnoll
             ... wielding a +0 halberd
              (12 damage)
             ... on level 2 of the Dungeon.
             The game lasted 00:02:14 (922 turns).

GigaChad the Shield-Bearer (Minotaur Fighter)        Turns: 922, Time: 00:02:15

Health: -5/47      AC:  7    Str: 23    XL:     5   Next: 42%
Magic:  4/4        EV:  9    Int:  5    God:
Gold:   33         SH:  4    Dex:  9    Spells: 4/4 levels left

rFire   . . .      SeeInvis .   a - +0 war axe
rCold   . . .      Faith    .   c - +0 buckler
rNeg    . . .      Spirit   .   b - +0 scale mail
rPois   .          Reflect  .   (helmet restricted)
rElec   .          Harm     .   (no cloak)
rCorr   .          Rampage  .   (no gloves)
Will    .....                   (no boots)
Stlth   ..........              (no amulet)
HPRegen 0.15/turn               (no ring)
MPRegen 0.09/turn               (no ring)

@: no status effects
A: horns 2, retaliatory headbutt
a: no special abilities


You were on level 2 of the Dungeon.
You visited 1 branch of the dungeon, and saw 2 of its levels.

You collected 33 gold pieces.

Inventory:

Hand Weapons
 a - a +0 war axe (weapon)
Armour
 b - a +0 scale mail (worn)
 c - a +0 buckler (worn)
Jewellery
 e - a ring of magical power
 g - a ring of see invisible
Scrolls
 j - a scroll of identify {unknown}
Potions
 d - a potion of might
 f - a potion of magic {unknown}
 h - a potion of cancellation {unknown}
 i - a potion of ambrosia {unknown}


   Skills:
 + Level 4.5 Fighting
 + Level 4.1 Axes
 + Level 4.8 Armour
 + Level 0.3 Dodging
 + Level 5.0 Shields


You had 4 spell levels left.
You didn't know any spells.
Your spell library contained the following spells:

 Spells                   Type           Power      Damage    Failure   Level
 Shock                    Conj/Air       0%         1d3       86%         1
 Swiftness                Air            0%         N/A       99%         3
 Airstrike                Air            0%         2d(0-16)  100%        4


Dungeon Overview and Level Annotations

Branches:
Dungeon (2/15)

Altars:


Innate Abilities, Weirdness & Mutations

You have a pair of horns on your head.
You reflexively headbutt those who attack you in melee.


Message History

The gnoll hits you with a +0 club!
A gnoll comes into view. It is wielding a +0 club.
The gnoll barely misses you. x2
The gnoll shouts!
You hit the gnoll.
The gnoll is lightly wounded.
You closely miss the gnoll. You hit the gnoll. You block the gnoll's attack. x2
The gnoll hits you but does no damage.
You closely miss the gnoll. You hit the gnoll but do no damage.
You hit the gnoll. The gnoll closely misses you. You furiously retaliate!
You headbutt the gnoll! The gnoll hits you with a +0 halberd!
The gnoll misses you. The gnoll closely misses you.
The gnoll hits you but does no damage. The gnoll hits you with a +0 halberd.
You block the gnoll's attack.
You barely miss the gnoll. Your headbutt misses the gnoll.
You hit the gnoll but do no damage. You slash the gnoll!
You closely miss the gnoll. The gnoll hits you but does no damage.
The gnoll hits you with a +0 halberd!
The gnoll hits you but does no damage. x2
You hit the gnoll but do no damage. You barely miss the gnoll.
You closely miss the gnoll. You barely miss the gnoll.
The gnoll hits you but does no damage. The gnoll closely misses you.
You block the gnoll's attack. The gnoll hits you with a +0 spear.
* * * LOW HITPOINT WARNING * * *
You hit the gnoll but do no damage. You headbutt the gnoll.
The gnoll is moderately wounded.
You closely miss the gnoll. You slash the gnoll!
You hit the gnoll but do no damage. The gnoll hits you with a +0 club.
* * * LOW HITPOINT WARNING * * *
The gnoll barely misses you. The gnoll hits you but does no damage.
The gnoll hits you with a +0 spear.
* * * LOW HITPOINT WARNING * * *
The gnoll closely misses you. The gnoll barely misses you.
You furiously retaliate!
You headbutt the gnoll!
You kill the gnoll!
You block the gnoll's attack. The gnoll hits you but does no damage.
Your Shields skill increases to level 5!
The gnoll hits you but does no damage. The gnoll barely misses you.
The gnoll hits you but does no damage.
The gnoll hits you from afar with a +0 halberd!
You die...

.. .. .###..#
.#####...#.# ...##.#.#.#
...#.#.#.# #..#.#.#.## #
#..#.#....###.#
#.###@.#.#...<....#
#..gg........†....#
#....g)........)...#
......##..####...........
.##### #.!.. ###########.
##.##. #.# # #.# ..#


You could see 3 gnolls.

Vanquished Creatures
  Sigmund (D:2)
  2 gnolls
  2 dart slugs (D:1)
  An endoplasm (D:1)
  3 frilled lizards
  2 kobolds (D:1)
  5 rats (D:1)
16 creatures vanquished.

Notes
Turn   | Place    | Note
-------+----------+-------------------------------------------
     0 | D:1      | GigaChad the Minotaur Fighter began the quest for the Orb.
     0 | D:1      | Reached XP level 1. HP: 19/19 MP: 0/0
   250 | D:1      | Reached XP level 2. HP: 27/27 MP: 1/1
   589 | D:1      | Reached skill level 4 in Shields
   900 | D:2      | Noticed Sigmund
   905 | D:2      | Killed Sigmund
   906 | D:2      | Reached XP level 3. HP: 34/34 MP: 2/2
   906 | D:2      | Reached XP level 4. HP: 41/41 MP: 3/3
   906 | D:2      | Reached XP level 5. HP: 47/47 MP: 4/4
   921 | D:2      | Reached skill level 5 in Shields
   922 | D:2      | Slain by a gnoll

Illustrated notes

Levels and vault maps discovered:
D:1:      psy_arrival_spokes, layout_loops_ring
D:2:      layout_loops_ring, uniq_sigmund

Skill      XL: |  1  2  3  4  5 |
---------------+----------------+-----
Armour         | 4 |  4.8
Shields        | 4 5 |  5.0
Fighting       | 4 |  4.5
Axes           | 4 |  4.1
Dodging        | |  0.3

Action                   |  1- 3 |  4- 6 || total
-------------------------+-------+-------++-------
Melee: War axe           |    27 |     5 ||    32
       Headbutt          |     4 |     1 ||     5
Armor: Scale mail        |    14 |    10 ||    24
Dodge: Dodged            |    12 |    12 ||    24
Block: Buckler           |     3 |     5 ||     8
